 Dungeon Crawl Stone Soup version 0.21-a0-450-gd87a9b2 (webtiles) character file.

154 slep the Slasher (level 5, -2/41 HPs)
             Began as a Demonspawn Monk on Nov 19, 2017.
             Slain by an orc
             ... wielding a +0 whip
              (6 damage)
             ... on level 3 of the Dungeon.
             The game lasted 00:06:59 (1813 turns).

slep the Slasher (Demonspawn Monk)                  Turns: 1813, Time: 00:07:00

Health: -2/41      AC:  3    Str: 12    XL:     5   Next: 13%
Magic:  0/5        EV: 12    Int: 12    God:
Gold:   153        SH:  0    Dex: 15    Spells: 4/4 levels left

rFire    . . .     SeeInvis .   B - +1 falchion (slice)
rCold    . . .     Gourm    .   (no shield)
rNeg     . . .     Faith    .   g - +0 ring mail
rPois    .         Spirit   +   (no helmet)
rElec    .         Reflect  .   (no cloak)
rCorr    .         Harm     .   u - +0 pair of gloves
MR       .....     Rnd*Tele +   (no boots)
Stlth    +.........             d - amulet of guardian spirit
HPRegen  0.13/turn              k - ring of teleportation (curse)
MPRegen  0.09/turn              y - -3 ring of protection (curse)

@: slowed, very slow
A: talons 1, magic shield, rot immunity
a: no special abilities


You were on level 3 of the Dungeon.
You were not hungry.

You visited 1 branch of the dungeon, and saw 3 of its levels.

You collected 153 gold pieces.

Inventory:

Hand Weapons
 a - a +0 falchion
 B - a +1 falchion of slicing (weapon)
Missiles
 l - 25 poisoned needles
 x - 5 tomahawks (quivered)
Armour
 b - a +0 robe
 e - a +0 leather armour
 g - a +0 ring mail (worn)
 u - a +0 pair of gloves (worn)
Jewellery
 d - an amulet of guardian spirit (around neck)
 k - a cursed ring of teleportation (left hand)
 y - a cursed -3 ring of protection (right hand)
Scrolls
 i - a scroll of enchant weapon {unknown}
 n - 3 scrolls of identify {unknown}
 q - a scroll of teleportation {unknown}
 r - a scroll of recharging {unknown}
 t - a scroll of fear {unknown}
 v - a scroll of immolation {unknown}
Potions
 j - 2 potions of might {unknown}
 m - 2 potions of heal wounds {unknown}
 o - 2 potions of haste {unknown}
 p - 2 potions of resistance {unknown}
 s - a potion of brilliance {unknown}
 w - a potion of flight {unknown}
 z - a potion of curing {unknown}
Comestibles
 c - 2 bread rations
 f - 2 meat rations
 h - a royal jelly


   Skills:
 + Level 3.5 Fighting
 + Level 3.8 Long Blades
 + Level 1.5 Armour
 + Level 3.3 Dodging
 + Level 2.4 Stealth


You had 4 spell levels left.
You didn't know any spells.

Dungeon Overview and Level Annotations

Branches:
Dungeon (3/15)

Altars:
Dithmenos
Kikubaaqudgha
The Shining One


Innate Abilities, Weirdness & Mutations

You have sharp toenails.
When hurt, damage is shared between your health and your magic reserves.
You are immune to rotting.


Message History

The orc wizard is moderately wounded.
The orc wizard barely misses you. The orc hits you with a whip.
* * * LOW HITPOINT WARNING * * *
The orc wizard hits you but does no damage.
The orc hits you with a whip.
* * * LOW HITPOINT WARNING * * *
You closely miss the orc wizard. Your kick misses the orc wizard.
The orc wizard is moderately wounded.
The orc wizard casts a spell.
The orc wizard blinks!
The orc misses you.
You riposte.
You barely miss the orc. You slash the orc wizard! You claw the orc wizard.
You kill the orc wizard!
You have reached level 5!
Your demonic ancestry asserts itself...
You feel your magical essence form a protective shroud around your flesh.
The orc hits you with a whip.
* * * LOW HITPOINT WARNING * * *
The orc hits you with a whip.
You die...

<......#####.#######.#
#.# ......##
#.........# #.#
......# #########.#
#.# ......# #.# #.#
#..[##############
#.#######.#
.................#
#.........#
##..#.##########.#
#####.##### #..#.# #)#
#....# #..#.# #@#
#.#### #..#.# #o# #.#
#..#.####### #.# #.#
#..........# #.# #.#
##.#.#####.# #.# #.#
###.#.# #.# #.# #.#
.##.#.# #.## #.# #.#
......#####..# ### ###
.##.#..†.....# 8###8##


You could see an orc.

Vanquished Creatures
  2 orc wizards (D:3)
  2 adders (D:2)
  An ooze (D:1)
  3 worms
  2 dart slugs
  4 leopard geckos
  5 orcs (D:3)
  5 bats
  A giant cockroach (D:3)
  5 hobgoblins
  6 jackals
  A quokka (D:3)
  A ball python (D:2)
  2 frilled lizards (D:1)
  5 goblins
  6 kobolds
  6 rats
57 creatures vanquished.

Notes
Turn   | Place    | Note
-------+----------+-------------------------------------------
     0 | D:1      | slep the Demonspawn Monk began the quest for the Orb.
     0 | D:1      | Reached XP level 1. HP: 18/18 MP: 1/1
   176 | D:1      | Gained mutation: You have sharp toenails. [demonic ancestry]
   176 | D:1      | Reached XP level 2. HP: 22/24 MP: 2/2
   597 | D:2      | Reached XP level 3. HP: 23/29 MP: 3/3
   859 | D:2      | Found a shadowy altar of Dithmenos.
  1304 | D:3      | Gained mutation: You are immune to rotting. [demonic ancestry]
  1304 | D:3      | Reached XP level 4. HP: 35/35 MP: 2/4
  1349 | D:3      | Found an ancient bone altar of Kikubaaqudgha.
  1610 | D:3      | Reached skill level 1 in Armour
  1617 | D:3      | Found a glowing golden altar of the Shining One.
  1813 | D:3      | Gained mutation: When hurt, damage is shared between your health and your magic reserves. [demonic ancestry]
  1813 | D:3      | Reached XP level 5. HP: 7/41 MP: 1/5
  1813 | D:3      | Slain by an orc

Vault maps used:
D:1:      dpeg_arrival_lava_altar, minmay_pentomino_x2
D:2:      old_standard_altar
D:3:      marbit_many_paths, nicolae_overflow_hidden_temple

Skill      XL: |  1  2  3  4 |
---------------+-------------+-----
Dodging        | 3 |  3.3
Stealth        | 2 |  2.4
Long Blades    | 3 |  3.8
Armour         | 1 |  1.5
Fighting       | |  3.5

Action                   |  1- 3 |  4- 6 || total
-------------------------+-------+-------++-------
Melee: Falchion          |   105 |    53 ||   158
       Kick              |    19 |    15 ||    34
 Stab: Sleeping          |     3 |     1 ||     4
  Eat: Chunk             |     1 |     2 ||     3
Armor: Leather armour    |     4 |       ||     4
       Robe              |     2 |       ||     2
       Ring mail         |    24 |     7 ||    31
Dodge: Dodged            |    76 |    35 ||   111
       Rpst.: Falchion   |    20 |    13 ||    33

Table legend:
 A = Spawn XP
 B = Non-spawn XP
 C = Spawn XP percentage of total XP
 D = Spawn monster count
 E = Non-spawn monster count
 F = Spawn count percentage of total count
 G = Total turns spent on level
                    A         B        C        D         E        F      G
               +---------+---------+-------+---------+---------+-------+---------
         Total |       0 |     220 |   0.0 |       0 |      57 |   0.0 |  1813
               +---------+---------+-------+---------+---------+-------+---------
           D:1 |       0 |      31 |   0.0 |       0 |      16 |   0.0 |   582
           D:2 |       0 |      55 |   0.0 |       0 |      18 |   0.0 |   480
           D:3 |       0 |     134 |   0.0 |       0 |      23 |   0.0 |   751
               +---------+---------+-------+---------+---------+-------+---------
